Unix NetHack Version 5.0.0-0 post-release - last build May 30 2026 05:04:26 (55804bc15828dd6e32e9076e0726aa6fccb6e981,branch:main).

Game began 2026-05-31 04:39:43, ended 2026-05-31 06:04:27.

7spoons, lawful female human Valkyrie

 |.     ..-
 |.-----....
  -..|.......                 .
 --...?..*.......| -        --..
 |..................---------.)|
--..--...................f&@.).|
|..[|--................-------%|
--.-- |.--.|............---  |.|
 ---  ---|.|-.--..........|  |.|
         |.------...|.....---|.|
         |...---|..---.|....--.--
         ---....|--- -----......|
           ---..|        ----.|.|
             ----           -----
7spoons the Fighter         St:18/02 Dx:12 Co:25 In:7 Wi:9 Ch:7  Lawful
Dlvl:10 $:0  HP:0(89) Pw:14(14) AC:-6 Xp:8 T:6433  Stun

Latest messages:
 You reel...
 You were wearing an uncursed blindfold.
 You can see again.
 Are you waiting to get hit?  Use 'm' prefix to force a no-op (to rest).
 In what direction?
 The nalfeshnee misses!
 The nalfeshnee hits!
 The nalfeshnee bites!
 The nalfeshnee casts a spell at you!
 You suddenly feel weaker!
 It hits!
 It misses!
 It bites!
 You hear a mumbled curse.
 In what direction?
 It hits!
 It hits again!
 It bites!
 In what direction?
 In what direction?
 The nalfeshnee hits!
 The nalfeshnee hits again!
 The nalfeshnee misses!
 The nalfeshnee casts a spell at you!
 Your head suddenly aches very painfully!
 It hits!
 It hits again!
 It bites!
 In what direction?
 The nalfeshnee hits!
 The nalfeshnee just misses!
 The nalfeshnee bites!
 The nalfeshnee points at you, then curses.
 It misses!
 It hits!
 It bites!
 Something casts a spell at you!
 You struggle to keep your balance.
 You miss the nalfeshnee.
 The nalfeshnee hits!
 The nalfeshnee misses!
 The nalfeshnee misses!
 The air crackles around the nalfeshnee.
 It hits!
 You die...
 Do you want your possessions identified? [ynq] (y)
 Do you want to see your attributes? [ynq] (y)
 Do you want an account of creatures vanquished? [ynaq] (y)
 Do you want to see your conduct and achievements? [ynq] (y)
 Do you want to see the dungeon overview? [ynq] (y)

Inventory:
 Weapons  (')')
  b - 10 +0 daggers (at the ready)
  I - 2 +0 elven daggers
  V - a cursed +0 elven dagger
  r - the +2 Ogresmasher (weapon in right hand)
 Armor    ('[')
  G - an uncursed +0 dwarvish iron helm (being worn)
  y - an uncursed +0 pair of leather gloves (being worn)
  U - an uncursed +0 pair of iron shoes (being worn)
  c - an uncursed +3 small shield (being worn)
  o - an uncursed +0 oilskin cloak (being worn)
  g - an uncursed +0 dwarvish mithril-coat (being worn)
 Comestibles  ('%')
  D - an uncursed food ration
  F - an uncursed lizard corpse
 Scrolls  ('?')
  J - an uncursed scroll of create monster
 Wands    ('/')
  E - a wand of magic missile (0:1)
  u - a wand of polymorph (0:5)
  j - a wand of sleep (0:5)
  A - a wand of striking (0:3)
  x - a wand of undead turning (0:8)
 Tools    ('(')
  q - an uncursed bag of holding containing 37 items
  P - an uncursed blindfold
  w - an uncursed magic whistle
  h - an uncursed oil lamp (lit)
  s - an uncursed skeleton key

Contents of the bag of holding:
  162 gold pieces
  a cursed amulet of change
  an uncursed amulet versus poison
  a +1 spear
  a cursed -1 long sword
  a +0 silver saber
  an uncursed +0 pair of elven boots
  an uncursed +0 pair of elven boots
  a cursed -1 pair of levitation boots
  an uncursed +0 cloak of displacement
  an uncursed apple
  an uncursed food ration
  2 uncursed tripe rations
  3 uncursed scrolls of blank paper
  an uncursed scroll of confuse monster
  an uncursed scroll of enchant armor
  an uncursed scroll of fire
  an uncursed scroll of food detection
  an uncursed scroll of genocide
  an uncursed scroll of gold detection
  a blessed scroll of light
  an uncursed scroll of magic mapping
  an uncursed potion of booze
  a blessed potion of fruit juice
  2 uncursed potions of fruit juice
  2 uncursed potions of healing
  an uncursed potion of monster detection
  3 uncursed potions of object detection
  an uncursed potion of oil
  an uncursed blindfold
  a +0 pick-axe
  a cursed stethoscope
  2 uncursed tallow candles
  2 uncursed obsidian stones
  2 uncursed worthless pieces of blue glass
  an uncursed worthless piece of red glass
  an uncursed worthless piece of white glass

7spoons the Valkyrie's attributes:

Background:
 You were a Fighter, a level 8 human Valkyrie.
 You were lawful, on a mission for Tyr
 who was opposed by Odin (neutral) and Loki (chaotic).
 You were right-handed.
 You were in the Gnomish Mines, on level 10.
 You entered the dungeon 6433 turns ago.
 There was a full moon in effect when your adventure ended.
 You had 1487 experience points, 1073 more were needed to attain level 9.

Basics:
 You had 0 out of 89 hit points.
 You had all 14 energy points (spell power).
 Your armor class was -6.
 Your wallet was empty, but
 you had 162 zorkmids stashed away in your pack.
 Autopickup was off.

Final Characteristics:
 Your strength was 18/02 (peak:18/09, limit:18/100).
 Your dexterity was 12 (limit:18).
 Your constitution was 25 (base:18, innate limit:18).
 Your intelligence was 7 (limit:18).
 Your wisdom was 9 (limit:18).
 Your charisma was 7 (limit:18).

Final Status:
 You were stunned.
 You weren't hungry.
 You were unencumbered.
 You were wielding a hammer.
 You had basic skill with hammer and could have enhanced that.

Final Attributes:
 You were piously aligned.
 You were cold resistant.
 You were poison resistant.
 You were telepathic.
 You were stealthy.
 You were guarded.
 You were fast.
 You were lucky.
 You are dead.

Miscellaneous:
 You didn't encounter any bones levels.
 Total elapsed playing time was 1 hour, 24 minutes and 43 seconds.

Major events:
 Turn
    1: 7spoons the lawful human Valkyrie entered the dungeon
 1394: entered the Gnomish Mines
 2059: attained the rank of Skirmisher (level 3)
 3748: reached Mine Town
 3809: attained the rank of Fighter (level 6)
 4253: found Ogresmasher on the floor
 6433: killed by an invisible nalfeshnee

You didn't know any spells.

Skills:
 Fighting Skills
   bare handed combat [Unskilled]
   two weapon combat  [Unskilled]
   riding             [Unskilled]
 Weapon Skills
   dagger             [Basic]
   axe                [Unskilled]
   pick-axe           [Unskilled]
   short sword        [Unskilled]
   broadsword         [Unskilled]
   long sword         [Unskilled]
   two-handed sword   [Unskilled]
   saber              [Unskilled]
   hammer             [Basic]
   quarterstaff       [Unskilled]
   polearms           [Unskilled]
   spear              [Basic]
   trident            [Unskilled]
   lance              [Unskilled]
   sling              [Unskilled]
 Spellcasting Skills
   attack spells      [Unskilled]
   escape spells      [Unskilled]

Voluntary challenges:
 Character rerolling was not enabled.
 You were illiterate.
 You never genocided any monsters.
 You never polymorphed an object.
 You never changed form.
 You used no wishes.
Achievements:
 You entered a shop.
 You entered the Gnomish Mines.
 You attained the rank of Skirmisher.
 You entered Minetown.
 You attained the rank of Fighter.
 You entered a temple.

 The Dungeons of Doom: levels 1 to 6
    Level 1:
       Many fountains, many trees.
    Level 2:
       A fountain, a sink.
    Level 3:
       An armor shop, some fountains.
       Stairs down to The Gnomish Mines.
    Level 4:
    Level 5:
    Level 6:
 The Gnomish Mines: levels 4 to 10
    Level 4:
    Level 5:
    Level 6:
    Level 7:
       Many shops, a temple and an altar, many fountains.
    Level 8:
    Level 9:
    Level 10: <- You were here.
       Final resting place for
          you, killed by an invisible nalfeshnee.


Vanquished creatures:
  a small mimic
 an elf mummy
  2 watchmen
  a quivering blob
  2 winter wolf cubs
  a leprechaun
  3 giant spiders
  a gnome ruler
  4 Green-elves
  a lizard
  a housecat
  a dwarf leader
  2 apes
  a rope golem
  2 Woodland-elves
  5 wood nymphs
  2 rock piercers
  a rock mole
  2 fog clouds
 17 gnome leaders
  2 gnomish wizards
  a kobold mummy
  2 straw golems
  a paper golem
  a floating eye
 13 dwarves
  2 homunculi
  a kobold leader
  4 hill orcs
  5 rothes
  a rabid rat
  a giant bat
  4 dwarf zombies
  a werejackal
  2 iguanas
  a gas spore
  3 hobbits
  a large kobold
  a hobgoblin
  2 giant rats
  a yellow mold
  a red mold
 58 gnomes
  8 jackals
  a fox
  a kobold
  a goblin
  a sewer rat
 12 grid bugs
  5 bats
  4 lichens
  2 kobold zombies
  3 newts
198 creatures vanquished.

No species were genocided or became extinct.

Game over:
                       ----------
                      /          \
                     /    REST    \
                    /      IN      \
                   /     PEACE      \
                  /                  \
                  |     7spoons      |
                  |      162 Au      |
                  |   killed by an   |
                  |    invisible     |
                  |    nalfeshnee    |
                  |                  |
                  |       2026       |
                 *|     *  *  *      | *
        _________)/\\_//(\/(/\)/\//\/|_)_______

Farvel 7spoons the Valkyrie...

You died in The Gnomish Mines on dungeon level 10 with 6544 points,
and 162 pieces of gold, after 6433 moves.
You were level 8 with a maximum of 89 hit points when you died.

